 Dungeon Crawl Stone Soup version 0.28.0-43-g3370ac3207 (webtiles) character file.

Game seed: 3316461721823556023

86 Zeld the Magician (level 4, -3/24 HPs)
             Began as a Deep Elf Fire Elementalist on Mar 15, 2022.
             Slain by a bullfrog (6 damage)
             ... on level 5 of the Dungeon.
             The game lasted 00:01:16 (1871 turns).

Zeld the Magician (Deep Elf Fire Elementalist)      Turns: 1871, Time: 00:01:16

Health: -3/24      AC:  3    Str:  5    XL:     4   Next: 27%
Magic:  0/12       EV: 13    Int: 22    God:
Gold:   62         SH:  0    Dex: 15    Spells: 8/11 levels left

rFire   . . .      SeeInvis .   (no weapon)
rCold   . . .      Faith    .   (no shield)
rNeg    . . .      Spirit   .   a - +0 robe
rPois   .          Reflect  .   (no helmet)
rElec   .          Harm     .   f - +0 cloak
rCorr   .          Rampage  .   (no gloves)
Will    .....                   (no boots)
Stlth   ++........              (no amulet)
HPRegen 0.08/turn               (no ring)
MPRegen 0.13/turn               (no ring)

@: no status effects
A: no striking features
a: no special abilities


You were on level 5 of the Dungeon.
You visited 1 branch of the dungeon, and saw 5 of its levels.

You collected 62 gold pieces.

Inventory:

Armour
 a - a +0 robe (worn)
 f - a +0 cloak (worn)
Scrolls
 b - a scroll of enchant armour {unknown}
 d - a scroll of vulnerability {unknown}
 e - a scroll of immolation {unknown}
Potions
 c - a potion of invisibility {unknown}


   Skills:
 + Level 3.1 Dodging
 + Level 3.0 Stealth
 * Level 4.2 Spellcasting
 + Level 1.9 Conjurations
 * Level 4.1 Fire Magic


You had 8 spell levels left.
You knew the following spells:

 Your Spells              Type           Power      Damage    Failure   Level
a - Foxfire               Conj/Fire      68%        2x1d7     3%          1
b - Scorch                Fire           44%        2d7       3%          2

Your spell library contained the following spells:

 Spells                   Type           Power      Damage    Failure   Level
 Shock                    Conj/Air       32%        1d5       8%          1
 Conjure Flame            Conj/Fire      17%        6-21      10%         3
 Inner Flame              Hex/Fire       13%        N/A       14%         3
 Flame Wave               Conj/Fire      17%        2d6       30%         4
 Ozocubu's Armour         Ice            4%         N/A       32%         3
 Swiftness                Air            4%         N/A       32%         3
 Airstrike                Air            2%         N/A       73%         4
 Ozocubu's Refrigeration  Ice            2%         4d5       100%        7


Dungeon Overview and Level Annotations

Branches:
Dungeon (6/15)
 Temple: D:4-7

Altars:


Message History

A sourceless malevolence fills the Dungeon...
You fall into a shaft and drop 3 floors!
The shaft crumbles and collapses.
A water moccasin zombie, a bullfrog skeleton and 3 bullfrogs come into view.
Found a quarterstaff.
Found a stone staircase leading up.
The bullfrog gives a loud, deep croak!
The bullfrog croaks.
The bullfrog hits you. x2
There is a stone staircase leading up here.
The bullfrog croaks.
The water moccasin zombie misses you. The bullfrog closely misses you.
The bullfrog skeleton hits you.
The water moccasin zombie bites you but does no damage.
You climb upwards.
There is a stone staircase leading down here.
Unknown command.
Casting: Scorch (safe; 3% risk of failure)
Confirm with . or Enter, or press ? or * to list all spells.
Flames lash the bullfrog.
The bullfrog is heavily wounded.
The bullfrog's fire resistance burns away.
The bullfrog hits you.
* * * LOW HITPOINT WARNING * * *
The bullfrog closely misses you.
Casting: Scorch (safe; 3% risk of failure)
Confirm with . or Enter, or press ? or * to list all spells.
You don't have enough magic to cast this spell.
Unknown command.
Casting: Scorch (safe; 3% risk of failure)
Confirm with . or Enter, or press ? or * to list all spells.
You conjure some foxfire!
The bullfrog barely misses you. The bullfrog barely misses you. x2
Unknown command.
Your foxfire dissipates!
The bullfrog hits you.
* * * LOW HITPOINT WARNING * * *
The bullfrog is no longer more vulnerable to fire.
You aren't carrying any items that you can evoke.
Okay, then.
The bullfrog hits you.
You die... #.###########.## #...@F.Z>....... ###############.

You could see a bullfrog and a howler monkey zombie.

Vanquished Creatures
  An orc priest (D:3)
  An adder (D:3)
  4 orcs (D:3)
  5 ball pythons
  3 endoplasms
  A giant cockroach (D:1)
  3 goblins
  3 hobgoblins (D:1)
  6 jackals
  A quokka (D:2)
  2 bats
  2 frilled lizards (D:1)
  2 kobolds (D:1)
  9 rats
43 creatures vanquished.

Vanquished Creatures (others)
  166 foxfires
166 creatures vanquished.

Grand Total: 209 creatures vanquished

Notes
Turn   | Place    | Note
-------+----------+-------------------------------------------
     0 | D:1      | Zeld the Deep Elf Fire Elementalist began the quest for the
                  | Orb.
     0 | D:1      | Reached XP level 1. HP: 10/10 MP: 6/6
    49 | D:1      | Found a faded altar of an unknown god.
   159 | D:1      | Reached XP level 2. HP: 15/15 MP: 2/8
   283 | D:1      | Learned a level 2 spell: Scorch
   985 | D:2      | Reached XP level 3. HP: 19/19 MP: 7/10
  1858 | D:3      | Reached XP level 4. HP: 24/24 MP: 4/12
  1859 | D:3      | You fall into a shaft and drop 3 floors!
  1859 | D:6      | Noticed a bullfrog
  1859 | D:6      | Noticed a bullfrog
  1859 | D:6      | Noticed a bullfrog
  1864 | D:5      | Entered Level 5 of the Dungeon
  1871 | D:5      | Slain by a bullfrog

Illustrated notes

Levels and vault maps discovered:
D:1:      dpeg_arrival_rooms_b, layout_rooms, ebering_ecumenical_altar_webs
D:2:      layout_rooms
D:3:      minmay_wonky_spiral, layout_basic, roderic_lattice_a, roderic_batcave
D:5:      layout_loops_corners, lemuel_crystal_altar
D:6:      minmay_angry_zag, layout_rooms

Skill      XL: |  1  2  3 |
---------------+----------+-----
Spellcasting   | 4 |  4.2
Dodging        | 3 |  3.1
Stealth        | 3 |  3.0
Fire Magic     | 4 |  4.1
Conjurations   | |  1.9

Action                   |  1- 3 |  4- 6 || total
-------------------------+-------+-------++-------
 Cast: Foxfire           |    95 |     1 ||    96
       Scorch            |     2 |     2 ||     4
Armor: Robe              |     3 |     1 ||     4
Dodge: Dodged            |    14 |     6 ||    20
